AoeStats
← Ukt0h

Arena

509918361Analyzed
1v1 RM · 2d ago on Sep 28, 2026· 50m 23s· 2 players
Game mode
Random Map
Map size
Tiny (2 player)
Population
200
Speed
Normal
Resources
Standard
Victory
Conquest
Starting age
Dark Age
Ending age
Imperial Age
RankedLock teamsTeams togetherTeam positionsShared explorationLock speedFull tech treeHidden civsTurbo modeCheats
Victory
Defeat
🇦🇷 Vietnamese · Argentina
1025
+17
🇹🇷 Maya · Türkiye
1041
-17
Ukt0h
11:36 Feudal Age
12:44 Town Watch
16:16 Castle Age
14:34 Double-Bit Axe
14:31 Horse Collar
17:20 Bow Saw
17:12 Heavy Plow
17:49 Wheelbarrow
20:18 Hand Cart
29:04 Loom
33:06 Imperial Age
30:55 Fletching
30:27 Elite Skirmisher
31:13 Thumb Ring
34:12 Ballistics
35:38 Chemistry
35:07 Imperial Skirmisher
35:45 Bodkin Arrow
38:45 Paper Money
40:55 Bracer
47:28 Spies/Treason
SperM
2:35 Loom
9:57 Feudal Age
15:47 Castle Age
13:49 Double-Bit Axe
14:14 Horse Collar
15:16 Gold Mining
15:30 Scale Mail Armor
15:40 Forging
18:05 Chain Mail Armor
18:26 Iron Casting
22:10 Pikeman
24:55 Fletching
25:39 Squires
26:07 Stone Mining
27:08 Heavy Plow
28:25 Eagle Warrior
32:22 Bodkin Arrow
34:49 Wheelbarrow
39:20 Imperial Age
38:42 Bow Saw
38:51 Arson
39:42 Elite Eagle Warrior
40:20 Halberdier
41:31 Masonry
43:06 Hand Cart
44:23 Plate Mail Armor
44:53 Blast Furnace
43:53 Capped Ram
Connection lost

Rejoining the realm…

Still unreachable

The connection could not be restored.

Session expired

The server has moved on; the page needs a fresh start.